Map: Oceanborn LE

Players

UrineTrouble - Winner!

  • Race: Protoss Protoss
  • League: Diamond
  • Spawn Location: 11:00

SubN

  • Race: Zerg Zerg
  • League: Diamond
  • Spawn Location: 5:00

VOD

Have the link to the VOD?

Description

Time

  • Played on: Dec. 26, 2023, 6:14 p.m.
  • Length: 15:16
Show
View Real Time Build Order
Export as new Build Order

UrineTrouble Protoss - Winner!

Build Orders: 1 Gate Expand, Chargelot Immortal 

Get SALT Encoding   

  12  0:00  Probe  
  13  0:12  Probe  
  14  0:18  Pylon  
  14  0:25  Probe  
  15  0:38  Gateway, Probe (Chrono Boost)  
  16  0:48  Probe (Chrono Boost)  
  17  0:51  Assimilator  
  17  0:53  Probe (Chrono Boost)  
  18  1:05  Probe (Chrono Boost)  
  19  1:16  Probe (Chrono Boost)  
  20  1:28  Nexus  
  20  1:36  Cybernetics Core  
  20  1:38  Probe  
  21  1:49  Assimilator  
  21  1:50  Probe  
  22  1:55  Pylon  
  22  2:02  Probe  
  23  2:10  Adept (Chrono Boost)  
  23  2:14  Probe  
  26  2:21  Stargate  
  26  2:26  Probe  
  27  2:32  Warp Gate  
  27  2:38  Probe (Chrono Boost)  
  27  2:39  Gateway  
  29  2:46  Probe (Chrono Boost)  
  29  2:51  Probe (Chrono Boost)  
  30  2:56  Pylon  
  31  2:59  Probe (Chrono Boost)  
  31  3:01  Probe (Chrono Boost)  
  32  3:07  Probe  
  32  3:12  Probe (Chrono Boost)  
  38  3:18  Void Ray  
  39  3:24  Probe (Chrono Boost)  
  39  3:25  Probe (Chrono Boost)  
  40  3:30  Probe (Chrono Boost)  
  40  3:33  Probe (Chrono Boost)  
  42  3:41  Probe  
  42  3:44  Probe  
  44  3:53  Probe (Chrono Boost)  
  49  3:59  Probe (Chrono Boost)  
  49  4:01  Void Ray  
  50  4:05  Probe (Chrono Boost)  
  52  4:11  Probe x2 (Chrono Boost)  
  52  4:12  Nexus  
  53  4:18  Pylon  
  53  4:20  Pylon, Probe  
  53  4:23  Assimilator  
  54  4:25  Assimilator  
  54  4:27  Robotics Facility  
  54  4:28  Pylon, Twilight Council  
  54  4:36  Probe x2  
  56  4:38  Pylon  
  56  4:48  Probe x2  
  62  5:00  Probe x2  
  62  5:05  Void Ray  
  62  5:07  Charge  
  64  5:10  Gateway  
  64  5:11  Gateway  
  64  5:12  Probe x2  
  64  5:13  Gateway  
  66  5:14  Gateway  
  66  5:19  Observer (Chrono Boost)  
  67  5:23  Robotics Bay  
  67  5:26  Probe x2 (Chrono Boost)  
  70  5:29  Probe (Chrono Boost)  
  72  5:36  Probe x2 (Chrono Boost)  
  72  5:39  Probe (Chrono Boost)  
  73  5:45  Probe (Chrono Boost)  
  73  5:47  Probe (Chrono Boost)  
  73  5:48  Assimilator  
  75  5:52  Assimilator  
  75  5:53  Pylon  
  77  5:57  Probe (Chrono Boost)  
  77  5:58  Probe (Chrono Boost)  
  77  6:03  Probe (Chrono Boost)  
  78  6:05  Colossus, Extended Thermal Lance (Chrono Boost)  
  78  6:06  Probe (Chrono Boost)  
  78  6:07  Pylon, Probe (Chrono Boost)  
  78  6:10  Probe  
  81  6:14  Probe  
  81  6:17  Probe  
  93  6:26  Void Ray  
  93  6:30  Probe x3  
  96  6:34  Nexus  
  96  6:35  Pylon  
  96  6:38  Pylon  
  96  6:42  Gateway, Probe  
  96  6:44  Stalker x2  
  96  6:45  Gateway  
  101  6:49  Gateway x2, Probe x2  
  103  6:56  Robotics Facility  
  103  7:00  Pylon, Probe  
  104  7:06  Probe x2  
  104  7:07  Colossus (Chrono Boost)  
  112  7:11  Blink  
  112  7:31  Stalker  
  112  7:32  Stalker x5  
  126  7:49  Void Ray  
  130  7:52  Zealot  
  130  7:53  Zealot x3  
  130  7:56  Immortal (Chrono Boost)  
  138  8:02  Pylon  
  138  8:04  Probe x2  
  138  8:05  Pylon, Probe x2  
  142  8:09  Templar Archives  
  142  8:15  Zealot x6  
  142  8:16  Zealot  
  156  8:20  Probe x4  
  156  8:22  Pylon  
  156  8:24  Pylon  
  156  8:25  Pylon  
  160  8:31  Immortal x2  
  160  8:32  Probe x4  
  172  8:44  Probe  
  173  8:49  Assimilator  
  173  8:51  Assimilator  
  173  8:53  Psionic Storm  
  173  8:55  Pylon  
  173  9:01  Fleet Beacon  
  173  9:03  Pylon  
  173  9:06  High Templar  
  173  9:07  High Templar  
  173  9:09  Pylon  
  177  9:10  Colossus, Immortal  
  177  9:11  Archon  
  177  9:13  Zealot x2  
  177  9:14  Zealot x4  
  199  9:26  Protoss Air Weapons Level 1  
  199  9:28  Forge  
  199  9:31  Forge  
  195  9:41  Stalker  
  195  9:42  Stalker x8  
  185  9:58  Observer  
  186  10:02  Zealot  
  184  10:22  Zealot  
  184  10:23  Zealot x7  
  184  10:38  Stalker x2  
  184  10:41  Protoss Ground Weapons Level 1 (Chrono Boost)  
  180  10:43  Protoss Ground Armor Level 1 (Chrono Boost)  
  180  11:01  High Templar x7  
  180  11:02  High Templar  
  188  11:12  Stargate  
  188  11:14  Nexus  
  188  11:16  Zealot  
  188  11:17  Archon x3  
  188  11:18  Archon  
  182  11:21  Zealot  
  184  11:31  Photon Cannon  
  184  11:33  Photon Cannon  
  184  11:49  Zealot x5  
  184  11:50  Zealot x4  
  186  11:58  Nexus  
  186  11:59  Probe  
  186  12:00  Probe x3  
  188  12:03  Assimilator  
  188  12:05  Assimilator  
  188  12:07  Pylon  
  188  12:12  Carrier  
  194  12:16  Stargate  
  194  12:18  Stargate  
  193  12:34  Nexus  
  193  12:36  Colossus x2  
  197  12:38  Assimilator  
  197  12:40  Assimilator  
  197  12:42  Pylon  
  187  12:45  Pylon  
  187  12:46  Dark Shrine  
  187  13:03  Assimilator  
  185  13:07  Assimilator  
  185  13:09  Pylon  
  170  13:29  Stalker  
  170  13:30  Stalker x5  
  170  13:31  Stalker x4  
  188  13:44  Void Ray x2  
  188  13:45  Void Ray  
  184  14:00  Nexus  
  163  14:10  Zealot x8  
  175  14:27  Void Ray x2  
  175  14:28  Stalker x2, Void Ray  
  161  14:33  Stalker x6  
  161  14:34  Stalker  
  161  14:38  Probe x2  
  173  14:51  Probe x2  
  175  14:56  Pylon  
  175  14:58  Pylon  
Show
View Real Time Build Order
Export as new Build Order

SubN Zerg 

Build Orders: 3 Hatch before Pool 

Get SALT Encoding   

  12  0:00  Drone  
  13  0:12  Overlord  
  13  0:17  Drone  
  14  0:30  Drone x2  
  16  0:49  Hatchery  
  15  0:53  Drone  
  16  1:17  Drone  
  17  1:20  Drone, Hatchery  
  17  1:25  Drone  
  18  1:28  Extractor  
  17  1:41  Spawning Pool  
  17  1:44  Drone  
  18  1:47  Drone  
  18  1:52  Drone  
  19  2:06  Drone x2  
  21  2:12  Drone x2  
  23  2:23  Overlord  
  23  2:24  Overlord  
  23  2:35  Drone x3  
  26  2:42  Queen  
  26  2:43  Queen  
  30  2:51  Queen  
  30  2:55  Metabolic Boost  
  32  3:04  Drone x4  
  36  3:06  Drone  
  36  3:07  Drone  
  36  3:09  Drone  
  36  3:12  Drone  
  40  3:14  Drone  
  41  3:23  Queen  
  45  3:30  Drone x2  
  45  3:31  Drone  
  45  3:32  Drone  
  49  3:36  Drone x2  
  49  3:41  Drone  
  50  3:57  Overlord  
  50  3:58  Overlord  
  50  3:59  Overlord x5  
  50  4:07  Spore Crawler  
  50  4:08  Spore Crawler  
  48  4:10  Spore Crawler  
  48  4:14  Overlord x2, Queen  
  48  4:16  Drone  
  50  4:18  Drone  
  50  4:19  Drone x4  
  50  4:22  Queen  
  57  4:29  Drone x2  
  57  4:30  Drone x3  
  62  4:35  Extractor  
  62  4:36  Drone x3, Extractor x2  
  62  4:37  Drone x2  
  64  4:38  Drone  
  64  4:40  Drone  
  64  4:42  Drone  
  64  4:43  Drone  
  68  4:48  Extractor  
  68  4:50  Extractor  
  66  4:59  Drone x3  
  69  5:00  Drone x3  
  72  5:12  Drone  
  73  5:15  Drone x2  
  73  5:17  Roach Warren  
  73  5:20  Evolution Chamber  
  73  5:22  Zergling x16, Evolution Chamber  
  80  5:30  Queen  
  80  5:31  Queen  
  80  5:33  Lair  
  82  5:47  Drone x2  
  82  5:48  Drone  
  82  5:49  Drone  
  85  5:53  Zerg Ground Armor Level 1, Zerg Missile Weapons Level 1  
  85  5:55  Spore Crawler  
  85  5:57  Overlord x3  
  84  5:58  Roach  
  84  5:59  Roach x5  
  96  6:25  Ravager x3  
  98  6:28  Roach x2  
  103  6:39  Drone  
  104  6:40  Drone x3  
  104  6:41  Drone x2  
  104  6:43  Drone  
  110  6:47  Roach  
  110  6:48  Roach x5  
  110  6:50  Overlord  
  110  6:51  Overlord x2  
  110  6:54  Overseer  
  122  6:55  Overseer  
  122  6:57  Glial Reconstitution  
  122  6:58  Hatchery  
  121  7:01  Drone  
  122  7:08  Spire  
  122  7:10  Roach x2  
  122  7:11  Roach  
  122  7:13  Zergling x16  
  124  7:37  Roach x9  
  136  7:45  Ravager  
  136  7:46  Ravager x2  
  136  7:49  Drone x3  
  142  7:58  Ravager  
  142  7:59  Ravager x2  
  142  8:00  Overlord  
  142  8:01  Overlord x3  
  142  8:02  Spore Crawler  
  144  8:09  Roach x3  
  144  8:12  Zerg Missile Weapons Level 2  
  144  8:17  Drone x7  
  144  8:18  Queen  
  144  8:19  Overlord  
  153  8:20  Overlord x3  
  153  8:23  Ravager x3  
  156  8:31  Corruptor x2  
  156  8:32  Corruptor  
  156  8:34  Corruptor  
  156  8:39  Zergling x10  
  158  8:52  Corruptor x2  
  162  8:57  Zergling x2  
  162  8:58  Zergling x16  
  171  9:16  Corruptor x3  
  171  9:17  Corruptor  
  171  9:21  Zergling x20  
  178  9:40  Extractor x2  
  143  9:49  Corruptor x6  
  129  9:58  Corruptor  
  125  10:07  Zergling x12  
  125  10:08  Zergling x18  
  129  10:14  Zergling x8  
  129  10:15  Zergling x2  
  116  10:29  Corruptor x3  
  109  10:44  Roach x8  
  109  10:47  Zerg Flyer Weapons Level 1  
  125  10:50  Zerg Melee Weapons Level 1  
  125  11:01  Zergling x2  
  125  11:02  Zergling x6  
  116  11:21  Zergling x2  
  116  11:22  Zergling x22  
  128  11:31  Zergling x4  
  114  11:59  Roach x10  
  114  12:00  Roach x2  
  134  12:19  Roach  
  134  12:20  Roach x9  
  154  12:23  Hatchery  
  153  12:31  Corruptor  
  153  12:32  Corruptor x5  
  161  12:41  Hatchery  
  158  12:48  Zerg Flyer Weapons Level 2  
  152  12:55  Ravager x5  
  152  12:56  Roach  
  152  12:57  Roach x7  
  173  13:03  Ravager x3  
  173  13:04  Ravager x3  
  179  13:14  Roach  
  179  13:15  Roach x7  
  181  13:27  Roach  
  181  13:28  Roach x6  
  171  13:43  Zergling x6  
  171  13:44  Zergling x8  
  154  14:10  Queen  
  154  14:13  Drone x6  
  154  14:14  Drone x8  
  160  14:22  Queen  
  128  14:33  Corruptor  
  128  14:34  Corruptor  
  128  14:37  Roach  
  118  14:47  Extractor  
  118  14:48  Extractor  
  116  14:53  Roach  
  116  14:54  Roach x3  
Tags
 
Add a new tag
Caveats
  • Supply blocks, unpowered buildings, or Contaminate may cause inaccurate times.
  • Supply counts are checked every 10 seconds.